 Dungeon Crawl Stone Soup version 0.24-a0-194-g9bee6eb (webtiles) character file.

Game seed: 11468611085885340007

142 gruber the Archer (level 5, -1/48 HPs)
             Began as a Centaur Hunter on Mar 18, 2019.
             Slain by an adder (2 damage)
             ... on level 2 of the Dungeon.
             The game lasted 00:02:35 (1114 turns).

gruber the Archer (Centaur Hunter)                  Turns: 1114, Time: 00:02:35

Health: -1/48      AC:  4    Str: 15    XL:     5   Next: 3%
Magic:  5/5        EV: 10    Int: 15    God:
Gold:   105        SH:  0    Dex: 10    Spells: 4/4 levels left

rFire    . . .     SeeInvis .   i - +2 whip (vamp)
rCold    . . .     Gourm    .   (no shield)
rNeg     . . .     Faith    .   c - +0 leather armour
rPois    .         Spirit   .   (no helmet)
rElec    .         Reflect  .   (no cloak)
rCorr    .         Harm     +   (no gloves)
MR       .....                  (no barding)
Stlth    +.........             l - amulet of harm
HPRegen  0.16/turn              (no ring)
MPRegen  0.09/turn              (no ring)

@: brilliant, lethally poisoned (-1 -> -12), very quick
A: large, hooves 3, deformed body, speed 2, tough skin 3
a: no special abilities


You were on level 2 of the Dungeon.
You were very hungry.

You visited 1 branch of the dungeon, and saw 2 of its levels.

You collected 105 gold pieces.

Inventory:

Hand Weapons
 a - a +1 shortbow
 i - a +2 vampiric whip (weapon)
Missiles
 b - a throwing net (quivered)
 d - 35 arrows
Armour
 c - a +0 leather armour (worn)
Jewellery
 l - an amulet of harm (around neck)
Scrolls
 e - 2 scrolls of remove curse {unknown}
 g - a scroll of fog {unknown}
 j - 2 scrolls of amnesia {unknown}
Comestibles
 f - a ration


   Skills:
 - Level 5.5 Fighting
 * Level 6.8 Maces & Flails
 - Level 9.3 Bows
 - Level 4.1 Dodging
 - Level 0.4 Stealth


You had 4 spell levels left.
You didn't know any spells.
Your spell library was empty.

Dungeon Overview and Level Annotations

Branches:
Dungeon (2/15)

Altars:

Annotations:
D:2 Terence


Innate Abilities, Weirdness & Mutations

You have hooves in place of feet.
Armour fits poorly on your strangely shaped body.
You cover ground very quickly.
You have extremely tough skin. (AC +3)


Message History

You feel clever all of a sudden.
* * * LOW HITPOINT WARNING * * *
You feel sick.
The jackal barks!
The adder bites you.
* * * LOW HITPOINT WARNING * * *
The adder barely misses you.
Unknown command.
Unknown command.
It was a potion of experience.
You feel more experienced!
Training target 3.0 for Dodging reached!
Your Fighting skill gained 3 levels and is now at level 5!
Your Maces & Flails skill gained 5 levels and is now at level 6!
Your Bows skill gained 3 levels and is now at level 9!
Your Dodging skill gained 3 levels and is now at level 4!
You have reached level 5!
* * * LOW HITPOINT WARNING * * *
You feel sick. The adder bites you.
You die...

...#.# ...#.# ....... ..
...#.#.. ...# ...#.#.###..#
####### # #.##.#.#....###
#.....###.# .....#.#......
#..........
#####.....#.#########h.........
................@SK@hh.......>.
####......#...#####g###........
..##....†.#...# #.##.........
#.###)#...#.#.# #.##..K.g....
..# #.#<....#.# ..(..........
#####.#######.## ..###........
......#........# #... .......$.
......#.#####..# #... .........
........# ......... .########


You could see Terence, an adder, 3 jackals, a hobgoblin and a kobold.

Vanquished Creatures
  2 adders (D:2)
  3 oozes (D:1)
  A worm (D:2)
  A dart slug (D:1)
  3 giant cockroaches
  8 goblins
  2 hobgoblins (D:1)
  A quokka (D:2)
  2 ball pythons (D:1)
  4 bats
  3 frilled lizards
  5 kobolds
  A rat (D:1)
36 creatures vanquished.

Notes
Turn   | Place    | Note
-------+----------+-------------------------------------------
     0 | D:1      | gruber the Centaur Hunter began the quest for the Orb.
     0 | D:1      | Reached XP level 1. HP: 17/17 MP: 1/1
   161 | D:1      | Reached XP level 2. HP: 24/24 MP: 2/2
   232 | D:1      | Reached skill level 6 in Bows
   534 | D:1      | Reached XP level 3. HP: 24/29 MP: 3/3
  1011 | D:2      | Reached skill level 1 in Maces & Flails
  1063 | D:2      | Reached XP level 4. HP: 36/36 MP: 4/4
  1093 | D:2      | Noticed Terence
  1113 | D:2      | HP: 1/36 [adder (4)]
  1114 | D:2      | Reached skill level 5 in Fighting
  1114 | D:2      | Reached skill level 9 in Bows
  1114 | D:2      | Reached XP level 5. HP: 2/48 MP: 5/5
  1114 | D:2      | Slain by an adder

Levels and vault maps discovered:
D:1:      dpeg_arrival_houses_and_road, layout_loops_corners, minmay_cupped
D:2:      layout_basic, minmay_tripent, uniq_terence

Skill      XL: |  1  2  3  4 |
---------------+-------------+-----
Bows           | 6 9 |  9.3
Maces & Flails | 1 6 |  6.8
Fighting       | 5 |  5.5
Dodging        | 4 |  4.1
Stealth        | |  0.4

Action                   |  1- 3 |  4- 6 || total
-------------------------+-------+-------++-------
Melee: Short sword       |    61 |       ||    61
       Kick              |    17 |     1 ||    18
       Whip              |    42 |    12 ||    54
 Fire: Shortbow          |     4 |       ||     4
  Use: Potion            |       |     2 ||     2
  Eat: Ration            |     1 |       ||     1
Armor: Leather armour    |    51 |     2 ||    53
Dodge: Dodged            |    54 |     4 ||    58

Table legend:
 A = Non-vault XP
 B = Vault XP
 C = Vault XP percentage of total XP
 D = Non-vault monster count
 E = Vault monster count
 F = Vault count percentage of total count
                 A         B        C        D         E       F
            +---------+---------+-------+---------+---------+-------
      Total |      98 |       3 |   3.0 |      34 |       2 |   5.6
            +---------+---------+-------+---------+---------+-------
        D:1 |      48 |       3 |   5.9 |      20 |       2 |   9.1
        D:2 |      50 |       0 |   0.0 |      14 |       0 |   0.0
            +---------+---------+-------+---------+---------+-------
